 Dungeon Crawl Stone Soup version 0.31-a0-177-g4aa6249778 (webtiles) character file.

Game seed: 7385102877961598070

51 Moral the Insei (level 3, -1/23 HPs)
             Began as an Octopode Transmuter on June 19, 2023.
             Slain by a goblin
             ... wielding a +0 dagger
              (4 damage)
             ... on level 3 of the Dungeon.
             The game lasted 00:03:12 (1511 turns).

Moral the Insei (Octopode Transmuter)               Turns: 1511, Time: 00:03:13

Health: -1/23      AC:  1    Str:  9    XL:     3   Next: 81%
Magic:  6/6        EV: 13    Int: 15    God:
Gold:   97         SH:  0    Dex: 14    Spells: 5/6 levels left

rFire   . .          .
                       - Unarmed
rCold   . . .        (no shield)
rNeg    . . .        (helmet currently unavailable)
rPois   .            g - amulet of magic regeneration
rElec   .            (no ring)
rCorr   .            (no ring)
SInv    .            (no ring)
Will    .....        (no ring)
Stlth   ++           (no ring)
HPRegen 0.23/turn    (no ring)
MPRegen 0.50/turn    (no ring)
                     (no ring)

%: no passive effects
@: appendages (expiring)
A: tentacle spike 3, almost no armour, amphibious, 8 rings, camouflage 1,
gelatinous body 1, (nimble swimmer 1), tentacles
a: End Transformation


You were on level 3 of the Dungeon.
One of your tentacles had grown a beastly spike.
You visited 1 branch of the dungeon, and saw 3 of its levels.

You collected 97 gold pieces.

Inventory:

Jewellery
 g - an amulet of magic regeneration (around mantle)
Scrolls
 h - a scroll of enchant weapon
Potions
 a - a potion of lignification
 b - a potion of resistance {unknown}
 c - a potion of enlightenment {unknown}
 e - a potion of attraction {unknown}


   Skills:
 + Level 1.5 Fighting
 + Level 2.3 Dodging
 * Level 3.7 Unarmed Combat
 + Level 2.2 Spellcasting
 + Level 2.4 Transmutations


You had 5 spell levels left.
You knew the following spells:

 Your Spells              Type           Power      Damage    Failure   Level
a - Beastly Appendage     Tmut           16%        N/A       9%          1

Your spell library contained the following spells:

 Spells                   Type           Power      Damage    Failure   Level
 Wereblood                Tmut           8%         N/A       12%         2
 Spider Form              Tmut/Pois      5%         N/A       36%         3
 Inner Flame              Hex/Fire       1%         N/A       54%         3
 Ice Form                 Ice/Tmut       5%         N/A       78%         4
 Flame Wave               Conj/Fire      1%         2d4       91%         4
 Sticky Flame             Conj/Fire      1%         2d3       91%         4


Dungeon Overview and Level Annotations

Branches:
Dungeon (3/15)

Altars:


Innate Abilities, Weirdness & Mutations

One of your tentacles has grown a beastly spike.
You cannot wear most types of armour.
You are amphibious.
You can wear up to eight rings at the same time.
Your skin changes colour to match your surroundings (Stealth+).
Your rubbery body absorbs attacks. (AC +1, EV +1)
((You are camouflaged when in or above water. (Stealth+)))
You have tentacles for arms and can constrict up to eight enemies at once.


Message History

You tentacle-slap the sleepcap but do no damage.
You grab the sleepcap. You constrict the sleepcap. The goblin misses you.
The sleepcap releases spores at you but does no damage.
You tentacle-slap the sleepcap but do no damage.
You pierce the sleepcap, but do no damage.
The sleepcap is lightly damaged.
You constrict the sleepcap. You tentacle-slap the sleepcap.
The sleepcap is lightly damaged.
You constrict the sleepcap, but do no damage.
The sleepcap closely misses you. The goblin hits you with a +0 dagger.
You tentacle-slap the sleepcap.
You pierce the sleepcap, but do no damage.
The sleepcap is moderately damaged.
Your transformation is almost over.
You constrict the sleepcap, but do no damage.
The sleepcap misses you. The goblin barely misses you.
You tentacle-slap the sleepcap.
The sleepcap is heavily damaged.
You constrict the sleepcap. The sleepcap barely misses you.
The goblin hits you with a +0 dagger.
You tentacle-slap the sleepcap but do no damage.
You pierce the sleepcap, but do no damage.
The sleepcap is heavily damaged.
You constrict the sleepcap, but do no damage.
The goblin hits you but does no damage. The sleepcap releases spores at you!
You are too injured to fight recklessly!
You are too injured to fight recklessly!
You tentacle-slap the sleepcap but do no damage.
You squeeze the sleepcap, but do no damage.
The sleepcap is heavily damaged.
You constrict the sleepcap. The sleepcap barely misses you.
The goblin closely misses you.
You tentacle-slap the sleepcap but do no damage.
You pierce the sleepcap.
The sleepcap is severely damaged.
You constrict the sleepcap. The sleepcap releases spores at you.
* * * LOW HITPOINT WARNING * * *
The goblin hits you with a +0 dagger.
You die...

....# ### ....
..# ..# ## ..
#"#
...##.###>###
....5.....###
#.f##.#...###
#g@........#
####.##.##...#
#.##.### #
#.<#...#
##..##..#
##...#..#
###.##.).
.....#) ###.#


You could see a sleepcap, an ufetubus and a goblin.

Vanquished Creatures
  A worm (D:2)
  A dart slug (D:2)
  4 endoplasms
  2 giant cockroaches
  5 goblins
  3 hobgoblins (D:1)
  A quokka (D:1)
  4 ball pythons
  5 bats
  4 frilled lizards
  8 kobolds
  3 rats
41 creatures vanquished.

Notes
Turn   | Place    | Note
-------+----------+-------------------------------------------
     0 | D:1      | Moral the Octopode Transmuter began the quest for the Orb.
     0 | D:1      | Reached XP level 1. HP: 13/13 MP: 3/3
   422 | D:1      | Reached XP level 2. HP: 18/18 MP: 0/5
   844 | D:1      | Reached XP level 3. HP: 22/23 MP: 4/6
  1024 | D:2      | Identified the +7 hand axe of the Endless Expanse {vamp,
                  | Str+5}
  1072 | D:2      | Identified the +5 spear "Nuxzab" {spect, Dex+3 Stlth+}
  1511 | D:3      | Slain by a goblin

Illustrated notes

Levels and vault maps discovered:
D:1:      lightli_arrival_statue_moat, layout_rooms,
          chequers_serial_rivers_large_b, minmay_hedge_maze,
          nicolae_kite_square_tiling_tiny
D:2:      layout_basic, lightli_corner_chamber
D:3:      layout_rooms

Action                     || total
---------------------------++-------
  Melee: Unarmed           ||   248
         Tentacles         ||    55
         Punch             ||    11
         Kick              ||    34
         Constrict         ||    22
   Cast: Beastly Appendage ||    26
    Use: Scroll            ||     4
   Stab: Sleeping          ||     5
 Armour: Skin              ||     8
  Dodge: Dodged            ||    55

Table legend: (Time is in decaauts)
 A = Elapsed time spent in this place.
 B = Non-inter-level travel time spent in this place.
 C = Inter-level travel time spent in this place.
 D = Time resting spent in this place.
 E = Time spent auto-exploring this place.
 F = Levels seen in this place.
 G = Mean time per level.
                   A        B        C        D        E       F      G
               +--------+--------+--------+--------+--------+-----+--------+
         Total |   1495 |   1477 |     18 |      0 |   1058 |   3 |  498.3 |
       Dungeon |   1495 |   1477 |     18 |      0 |   1058 |   3 |  498.3 |
               +--------+--------+--------+--------+--------+-----+--------+

Top non-repeatable levels by time:
     D:1: 990 daAuts
     D:2: 476 daAuts
     D:3: 29 daAuts
